 Dungeon Crawl Stone Soup version 0.26-a0-597-gb535b0901c (webtiles) character file.

Game seed: 12617917134136125818

(classic levelgen) 4 EnegeticOcto the Covered (level 1, 16/20 HPs)
             Began as a Deep Dwarf Fighter on Sept 9, 2020.
             Quit the game on level 1 of the Dungeon.
             The game lasted 00:00:08 (65 turns).

EnegeticOcto the Covered (Deep Dwarf Fighter)         Turns: 65, Time: 00:00:09

Health: 16/20      AC:  6    Str: 19    XL:     1   Next: 58%
Magic:  1/1        EV:  7    Int:  8    God:
Gold:   10         SH:  9    Dex: 12    Spells: 0/0 levels left

rFire    . . .     SeeInvis .   a - +0 war axe
rCold    . . .     Faith    .   c - +0 kite shield
rNeg     . . .     Spirit   .   b - +0 scale mail
rPois    .         Reflect  .   (no helmet)
rElec    .         Harm     .   (no cloak)
rCorr    .                      (no gloves)
MR       .....                  (no boots)
Stlth    ..........             (no amulet)
HPRegen  0.00/turn              (no ring)
MPRegen  0.07/turn              (no ring)

@: non-regenerating
A: damage resistance, heal wounds, sense surroundings 1, no regeneration
a: Heal Wounds


You were on level 1 of the Dungeon.
You visited 1 branch of the dungeon, and saw 1 of its levels.

You collected 10 gold pieces.

Inventory:

Hand Weapons
 a - a +0 war axe (weapon)
Armour
 b - a +0 scale mail (worn)
 c - a +0 kite shield (worn)
Scrolls
 e - 2 scrolls of remove curse {unknown}
Potions
 d - a potion of might {@q3}
 f - a potion of haste {unknown}


   Skills:
 + Level 2.7 Fighting
 * Level 2.4 Axes
 + Level 3.3 Armour
 + Level 3.3 Shields


You couldn't memorise any spells.
You didn't know any spells.
Your spell library was empty.

Dungeon Overview and Level Annotations

Branches:
Dungeon (1/15)

Altars:


Innate Abilities, Weirdness & Mutations

You are resistant to damage.
You can heal yourself by infusing magical energy.
You passively map a small area around you.
You do not regenerate.


Message History

A bat comes into view.
The bat hits you but does no damage.
A bat is nearby!
A bat is nearby!
A bat is nearby!
A bat is nearby!
A bat is nearby!
You closely miss the bat. You block the bat's attack.
You block the bat's attack.
You barely miss the bat. You block the bat's attack. x2
You hit the bat but do no damage. The bat hits you but does no damage.
The bat barely misses you. You block the bat's attack.
You barely miss the bat. The bat hits you but does no damage.
Your shield and scale mail prevent you from hitting the bat.
You block the bat's attack. The bat hits you but does no damage.
You slash the bat!
You kill the bat!
No target in view!
No target in view!
No target in view!
No target in view!
No target in view!
No target in view!
No target in view!
No target in view!
No target in view!
No target in view!
A goblin comes into view. It is wielding a +0 club.
You see here a bat corpse.
A goblin is nearby!
A goblin is nearby!
A goblin is nearby!
A goblin is nearby!
A goblin is nearby!
A goblin is nearby!
A goblin is nearby!
A goblin is nearby!
A rat comes into view.
Found a stone staircase leading down.
You hit the goblin.
The goblin is heavily wounded.
You block the goblin's attack.
You barely miss the goblin.
The goblin is heavily wounded.
The goblin hits you with a +0 club.
You hit the goblin.
The goblin is severely wounded.
You hit the rat.
You kill the rat!
The goblin hits you but does no damage. The goblin hits you with a +0 club.
You barely miss the goblin.
The goblin is heavily wounded.
The goblin barely misses you.
You barely miss the goblin.
The goblin is moderately wounded.
The goblin completely misses you.
You slash the goblin!
You kill the goblin!
No target in view!
No target in view!
No target in view!
No target in view!
A hobgoblin comes into view.
The hobgoblin shouts!
You hear a shout!
A kobold comes into view. It is wielding a +0 short sword.
Things that are here:
a +0 club; a goblin corpse
There are monsters nearby!
There are monsters nearby!
There are monsters nearby!
You block the hobgoblin's attack.
You hit the hobgoblin.
The hobgoblin is lightly wounded.
The hobgoblin hits you.
You closely miss the hobgoblin.
The hobgoblin is lightly wounded.
The hobgoblin barely misses you.
You hit the hobgoblin.
The hobgoblin is heavily wounded.
The hobgoblin hits you but does no damage.
You block the hobgoblin's attack.
You barely miss the hobgoblin.
The hobgoblin is heavily wounded.
You block the hobgoblin's attack.
You closely miss the hobgoblin.
The hobgoblin is heavily wounded.
The hobgoblin barely misses you. You block the hobgoblin's attack.
You slash the hobgoblin!
You kill the hobgoblin!
You hit the kobold.
You kill the kobold!
No target in view!
No target in view!
No target in view!
No target in view!
No target in view!
No target in view!
No target in view!
No target in view!
Are you sure you want to abandon this character and quit the game? (Confirm with "yes".)

* #.. * #.. #># *,*
,* #..# #.# , * #..#
#.# ** , #..# #.# *
#..# #.#
..###..###†# * ,###
,
#.......†..####.....
, .###......)@)..# *
* ##.########## *
#..# * ,*#######.#
#####
###.......###...###
#(.......##.......##
#...##.###.........#
#. #....##....8....#
#...#............# ,


There were no monsters in sight!

Vanquished Creatures
  A goblin (D:1)
  A hobgoblin (D:1)
  A bat (D:1)
  A kobold (D:1)
  A rat (D:1)
5 creatures vanquished.

Notes
Turn   | Place    | Note
-------+----------+-------------------------------------------
     0 | D:1      | EnegeticOcto the Deep Dwarf Fighter began the quest for the
                  | Orb.
     0 | D:1      | Reached XP level 1. HP: 20/20 MP: 1/1
    65 | D:1      | Quit the game

Illustrated notes

Levels and vault maps discovered:
D:1:      dpeg_arrival_three_same_balls, layout_loops_ring,
          minmay_misc_feat_pillars, corner_web_ring

Action                   || total
-------------------------++-------
Melee: War axe           ||    19
Armor: Scale mail        ||     6
Dodge: Dodged            ||     5
Block: Kite shield       ||    11

Table legend: (Time is in decaauts)
 A = Elapsed time spent in this place.
 B = Non-inter-level travel time spent in this place.
 C = Inter-level travel time spent in this place.
 D = Time resting spent in this place.
 E = Time spent auto-exploring this place.
 F = Levels seen in this place.
 G = Mean time per level.
                   A        B        C        D        E       F      G
               +--------+--------+--------+--------+--------+-----+--------+
         Total |     73 |     73 |      0 |      0 |     37 |   1 |   73.0 |
       Dungeon |     73 |     73 |      0 |      0 |     37 |   1 |   73.0 |
               +--------+--------+--------+--------+--------+-----+--------+

Top non-repeatable levels by time:
     D:1: 73 daAuts
